 Dungeon Crawl Stone Soup version 0.31-a0-175-g9f7f995f2b (webtiles) character file.

Game seed: 18393470798863740421

807 qw the Skirmisher (level 7, 0/44 HPs)
             Began as a Gargoyle Hunter on June 16, 2023.
             Was an Initiate of Okawaru.
             Slain by Duvessa
             ... wielding a +0 short sword
              (7 damage)
             ... on level 6 of the Dungeon.
             The game lasted 00:01:42 (4448 turns).

qw the Skirmisher (Gargoyle Hunter)                 Turns: 4448, Time: 00:01:42

Health: 0/44       AC: 14    Str: 15    XL:     7   Next: 92%
Magic:  7/7        EV: 11    Int:  9    God:    Okawaru [......]
Gold:   41         SH:  0    Dex: 15    Spells: 6/6 levels left

rFire   . . .        Y - +2 shortbow (drain)
rCold   . . .        (shield currently unavailable)
rNeg    + . .        b - +3 ring mail
rPois   inf          f - +0 helmet
rElec   +            (no cloak)
rCorr   .            (no gloves)
SInv    .            (no boots)
Will    .....        (no amulet)
Stlth   +            (no ring)
HPRegen 0.27/turn    (no ring)
MPRegen 0.10/turn

%: no passive effects
@: about to teleport
A: sickness immunity, AC +4, negative energy resistance 1, electricity
resistance, torment resistance 1, petrification resistance
a: Renounce Religion


You were on level 6 of the Dungeon.
You worshipped Okawaru.
Okawaru was noncommittal.
You visited 2 branches of the dungeon, and saw 7 of its levels.

You collected 346 gold pieces.
You spent 305 gold pieces at shops.


Innate Abilities, Weirdness & Mutations

You are immune to sickness and miasma.
Your stone body is resilient. (AC +4)
You are immune to poison.
You resist negative energy. (rN+)
You are resistant to electric shocks. (rElec)
You are resistant to unholy torment.
You are immune to petrification.


   Skills:
 - Level 5.5 Fighting
 - Level 8.0 Ranged Weapons
 - Level 2.0 Armour
 + Level 1.5 Dodging
 - Level 1.1 Stealth


You had 6 spell levels left.
You didn't know any spells.
Your spell library was empty.

Inventory:

Hand Weapons
 Y - a +2 shortbow of draining (weapon)
Armour
 b - a +3 ring mail (worn)
 f - a +0 helmet (worn)
Scrolls
 d - a scroll of teleportation
 i - 7 scrolls of identify
Potions
 c - 2 potions of resistance
 g - 3 potions of curing
 h - a potion of lignification
 j - a potion of haste
 k - a potion of heal wounds {unknown}
 l - a potion of berserk rage {unknown}

Dungeon Overview and Level Annotations

Branches:
Dungeon (6/15)             Temple (1/1) D:5

Altars:
Dithmenos
Elyvilon
Fedhas
Gozag
Hepliaklqana
Nemelex Xobeh
Okawaru
Qazlal
Ru
Sif Muna
Trog
Uskayaw
Vehumet
Xom
Zin
The Shining One

Shops:
D:1 ([*   D:5 :   D:6 ??=

Annotations:
D:6 Duvessa


Message History

You shoot an arrow. The arrow hits Duvessa.
You drain Duvessa.
Duvessa is moderately wounded.
Duvessa closely misses you. Duvessa hits you with a +0 short sword.
You shoot an arrow. The arrow barely misses Duvessa.
Duvessa hits you with a +0 short sword. Duvessa barely misses you.
You shoot an arrow. The arrow completely misses Duvessa.
Duvessa hits you but does no damage.
You shoot an arrow. The arrow hits Duvessa.
Duvessa is moderately wounded.
Duvessa barely misses you. Duvessa misses you.
You shoot an arrow.
The arrow hits Duvessa but does no damage.
Duvessa is moderately wounded.
Duvessa hits you with a +0 short sword.
You shoot an arrow. The arrow closely misses Duvessa.
Duvessa hits you with a +0 short sword. x2
4443 ||| READING 3 scrolls of teleportation.
As you read the scroll of teleportation, it crumbles to dust.
You feel strangely unstable.
Duvessa hits you with a +0 short sword. x2
You shoot an arrow. The arrow barely misses Duvessa.
Duvessa barely misses you.
You shoot an arrow. The arrow hits Duvessa.
You drain Duvessa.
Duvessa is heavily wounded.
Your surroundings seem slightly different.
Enter note:
Enter note:
4446 ||| READING 2 scrolls of teleportation.
As you read the scroll of teleportation, it crumbles to dust.
You feel strangely unstable. Duvessa closely misses you.
You shoot an arrow. The arrow hits Duvessa!
You drain Duvessa.
Duvessa is severely wounded.
Duvessa hits you but does no damage. Duvessa barely misses you.
You shoot an arrow.
The arrow hits Duvessa but does no damage.
You drain Duvessa.
Duvessa is almost dead.
Duvessa hits you with a +0 short sword!
You die...

.....#......#.##.# #.#
.................# #.#
...###.###.############.#
...............\........#
...####...##.############
.... #8...8#........ ####
##...##..)..###### #
#...##...e......# #
#...##.##.@### #
8...8#..........#
#...#############


You could see Duvessa (berserk, very drained).

Vanquished Creatures
  2 ice beasts
  Blork the orc (D:6)
  2 scorpions (D:5)
  Dowan (D:6)
  A howler monkey (D:4)
  A jelly (D:5)
  A hound (D:4)
  An orc priest (D:4)
  2 iguanas (D:5)
  An orc wizard (D:5)
  5 adders
  3 gnolls
  A shadow imp (D:6)
  A worm (D:2)
  A dart slug (D:1)
  12 orcs
  4 endoplasms
  4 giant cockroaches
  8 goblins
  5 hobgoblins
  6 jackals
  4 quokkas
  10 ball pythons
  4 bats
  3 frilled lizards
  9 kobolds
  5 rats
98 creatures vanquished.

Vanquished Creatures (others)
  A goblin (D:3)
1 creature vanquished.

Grand Total: 99 creatures vanquished

Notes
Turn   | Place    | Note
-------+----------+-------------------------------------------
     0 | D:1      | qw the Gargoyle Hunter began the quest for the Orb.
     0 | D:1      | Reached XP level 1. HP: 12/12 MP: 1/1
     0 | D:1      | 0 ||| qw: Version: 0.2-a-29-g511e9b1
     0 | D:1      | 0 ||| qw: Game counter: 5940
     0 | D:1      | 0 ||| qw: Always use a shield: true
     0 | D:1      | 0 ||| qw: God list: Okawaru
     0 | D:1      | 0 ||| qw: Allow faded altars: false
     0 | D:1      | 0 ||| qw: Do Orc after D:15 true
     0 | D:1      | 0 ||| qw: Do second Lair branch before Depths: true
     0 | D:1      | 0 ||| qw: Lair rune preference: random
     0 | D:1      | 0 ||| qw: Plans: Normal, Zot:1-4, Slime:5, God:TSO, Crypt,
                  | Tomb, Abyss, Pan, Hells, Win
     0 | D:1      | 0 ||| PLANNING D:1-11
   105 | D:1      | Found Xewihe's Armour Boutique.
   112 | D:1      | Found Icvupp's Assorted Antiques.
   117 | D:1      | 117 ||| SHOPLISTING +0 cloak of willpower (161 gold, have
                  | 23).
   117 | D:1      | 117 ||| SHOPLISTING +0 pair of boots (63 gold, have 23).
   117 | D:1      | 117 ||| SHOPLISTING +0 pair of gloves (63 gold, have 23).
   117 | D:1      | 117 ||| SHOPLISTING +2 cloak of preservation (301 gold,
                  | have 23).
   124 | D:1      | 124 ||| BUYING emerald potion (18 gold).
   124 | D:1      | Bought an emerald potion for 18 gold pieces
   124 | D:1      | 124 ||| SHOPLISTING ruby potion (18 gold, have 5).
   124 | D:1      | 124 ||| SHOPLISTING scroll labelled KAHOHU MUD (20 gold,
                  | have 5).
   124 | D:1      | 124 ||| SHOPLISTING sedimented dark potion (18 gold, have
                  | 5).
   195 | D:1      | Reached XP level 2. HP: 17/17 MP: 2/2
   357 | D:1      | Found Dayzett's Weapon Shoppe.
   368 | D:1      | 368 ||| SHOPLISTING +2 sling of the New World {antimagic,
                  | rCorr} (352 gold, have 19).
   639 | D:1      | Reached XP level 3. HP: 21/21 MP: 3/3
   950 | D:1      | 950 ||| UPGRADING to +0 ring mail.
   960 | D:1      | 960 ||| DROPPING +0 leather armour.
   961 | D:1      | 961 ||| READING scroll labelled IRPHEAD FOOMUMO.
   962 | D:1      | 962 ||| READING scroll labelled LURPHE XYLEIZ.
   963 | D:1      | 963 ||| READING 2 scrolls labelled HIROUJ ZOSE.
   964 | D:1      | 964 ||| READING scroll labelled XUT SASMI QETO.
   969 | D:1      | 969 ||| READING scroll labelled COEMUCS KARECK.
   970 | D:1      | 970 ||| DRINKING 2 emerald potions.
   971 | D:1      | 971 ||| DROPPING scroll of butterflies.
   972 | D:1      | 972 ||| DROPPING potion of degeneration.
  1182 | D:2      | Reached skill level 1 in Armour
  1217 | D:2      | Reached skill level 5 in Ranged Weapons
  1297 | D:2      | 1297 ||| FLEEEEING.
  1298 | D:2      | 1298 ||| FLEEEEING.
  1299 | D:2      | 1299 ||| FLEEEEING.
  1300 | D:2      | 1300 ||| FLEEEEING.
  1303 | D:2      | 1303 ||| FLEEEEING.
  1304 | D:2      | 1304 ||| FLEEEEING.
  1308 | D:2      | 1308 ||| FLEEEEING.
  1309 | D:2      | 1309 ||| FLEEEEING.
  1668 | D:2      | 1668 ||| READING scroll labelled KAHOHU MUD.
  1669 | D:2      | 1669 ||| READING scroll labelled JUOLIZXEOPN.
  1670 | D:2      | 1670 ||| READING scroll labelled MAULUS PUUZ ERCHUR.
  1670 | D:2      | Identified a scroll of acquirement
  1670 | D:2      | 1670 ||| ACQUIRING +2 shortbow of flaming
  1670 | D:2      | Acquired a +2 shortbow of flaming
  1672 | D:2      | 1672 ||| UPGRADING to +2 shortbow of flaming.
  1673 | D:2      | 1673 ||| DROPPING +0 shortbow.
  1674 | D:2      | 1674 ||| DRINKING 2 viscous brown potions.
  1675 | D:2      | 1675 ||| DROPPING potion of enlightenment.
  1736 | D:3      | Reached XP level 4. HP: 27/27 MP: 4/4
  1790 | D:3      | Reached skill level 3 in Fighting
  1803 | D:3      | Found a hide-covered altar of Uskayaw.
  1855 | D:3      | Found a white marble altar of Elyvilon.
  2160 | D:3      | Found a radiant altar of Vehumet.
  2232 | D:3      | 2232 ||| UPGRADING to +0 helmet.
  2237 | D:3      | 2237 ||| DRINKING 2 dark potions.
  2238 | D:3      | 2238 ||| READING 2 scrolls of identify.
  2238 | D:3      | 2238 ||| IDENTIFYING golden potion
  2239 | D:3      | 2239 ||| DROPPING potion of brilliance.
  2367 | D:4      | Reached XP level 5. HP: 15/32 MP: 5/5
  2475 | D:4      | Found a glowing golden altar of the Shining One.
  2559 | D:4      | Reached skill level 6 in Ranged Weapons
  2848 | D:4      | Reached XP level 6. HP: 31/38 MP: 6/6
  3109 | D:4      | 3109 ||| UPGRADING to +3 ring mail.
  3119 | D:4      | 3119 ||| DROPPING +0 ring mail.
  3120 | D:4      | 3120 ||| READING scroll labelled ENTODONNEI.
  3121 | D:4      | 3121 ||| DRINKING 2 inky potions.
  3153 | D:4      | 3153 ||| READING 2 scrolls of identify.
  3153 | D:4      | 3153 ||| IDENTIFYING ruby potion
  3172 | D:5      | Entered Level 5 of the Dungeon
  3182 | D:5      | 3182 ||| STAIRDANCE
  3309 | D:5      | Identified the +4 rapier of the Sharing Visionary {heavy,
                  | *Rage rElec Will+}
  3363 | D:5      | Noticed an ice beast
  3368 | D:5      | Killed an ice beast
  3369 | D:5      | Reached skill level 7 in Ranged Weapons
  3427 | D:5      | Found a shimmering altar of Xom.
  3432 | D:5      | Reached XP level 7. HP: 43/43 MP: 7/7
  3565 | D:5      | Found Cuittuech's Tremendous Tomes.
  3617 | D:5      | Found a staircase to the Ecumenical Temple.
  3618 | D:5      | 3618 ||| PLANNING TEMPLE
  3618 | D:5      | 3618 ||| READING 2 scrolls of identify.
  3618 | D:5      | 3618 ||| IDENTIFYING murky grey potion
  3624 | Temple   | Entered the Ecumenical Temple
  3767 | Temple   | 3767 ||| PLANNING OKAWARU WORSHIP
  3856 | Temple   | Became a worshipper of Warmaster Okawaru
  3857 | Temple   | 3857 ||| PLANNING D:1-11
  4099 | D:6      | Noticed Blork the orc
  4108 | D:6      | 4108 ||| STAIRDANCE
  4153 | D:6      | 4153 ||| STAIRDANCE
  4180 | D:6      | 4180 ||| STAIRDANCE
  4182 | D:6      | 4182 ||| DRINKING 4 potions of curing.
  4182 | D:6      | 4182 ||| (to cure confusion)
  4186 | D:6      | 4186 ||| STAIRDANCE
  4188 | D:5      | 4188 ||| DRINKING 3 potions of curing.
  4188 | D:5      | 4188 ||| (to cure confusion)
  4197 | D:6      | 4197 ||| STAIRDANCE
  4229 | D:6      | Found Jousuz's Magic Scroll Shoppe.
  4237 | D:6      | Reached skill level 8 in Ranged Weapons
  4243 | D:6      | Killed Blork the orc
  4322 | D:6      | Found Yvas's Magic Scroll Boutique.
  4333 | D:6      | 4333 ||| BUYING scroll of identify (24 gold).
  4333 | D:6      | Bought a scroll of identify for 24 gold pieces
  4333 | D:6      | 4333 ||| BUYING scroll of teleportation (36 gold).
  4333 | D:6      | Bought a scroll of teleportation for 36 gold pieces
  4336 | D:6      | 4336 ||| BUYING 3 scrolls of identify (78 gold).
  4336 | D:6      | Bought 3 scrolls of identify for 78 gold pieces
  4336 | D:6      | 4336 ||| BUYING scroll of brand weapon (123 gold).
  4336 | D:6      | Bought a scroll of brand weapon for 123 gold pieces
  4336 | D:6      | 4336 ||| BUYING scroll of identify (26 gold).
  4336 | D:6      | Bought a scroll of identify for 26 gold pieces
  4336 | D:6      | 4336 ||| SHOPLISTING scroll of teleportation (39 gold, have
                  | 4).
  4336 | D:6      | 4336 ||| READING scroll of brand weapon.
  4336 | D:6      | 4336 ||| BRANDING +2 shortbow of flaming.
  4376 | D:6      | Found Immubb's Jewellery Boutique.
  4424 | D:6      | 4424 ||| SHOPLISTING +4 ring of protection (396 gold, have
                  | 41).
  4424 | D:6      | 4424 ||| SHOPLISTING amulet of faith (440 gold, have 41).
  4424 | D:6      | 4424 ||| SHOPLISTING ring of Fixation {Fly rN+ Stlth+} (350
                  | gold, have 41).
  4424 | D:6      | 4424 ||| SHOPLISTING ring of fire (275 gold, have 41).
  4424 | D:6      | 4424 ||| SHOPLISTING ring of positive energy (220 gold,
                  | have 41).
  4424 | D:6      | 4424 ||| SHOPLISTING ring of protection from fire (275
                  | gold, have 41).
  4424 | D:6      | 4424 ||| SHOPLISTING ring of resist corrosion (220 gold,
                  | have 41).
  4427 | D:6      | Noticed Duvessa
  4427 | D:6      | Noticed Dowan
  4434 | D:6      | Killed Dowan
  4442 | D:6      | HP: 11/44 [Duvessa/+0 short sword (6)]
  4443 | D:6      | 4443 ||| READING 3 scrolls of teleportation.
  4446 | D:6      | 4446 ||| READING 2 scrolls of teleportation.
  4448 | D:6      | Slain by Duvessa

Levels and vault maps discovered:
D:1:      lightli_arrival_lavapool, layout_basic, serial_shops,
          nicolae_shop_bloodbath_and_beyond, shop, nicolae_square_shop,
          nicolae_figureground_pulse
D:2:      layout_loops_ring
D:3:      layout_rooms, elyvilon_altar_4, nicolae_uskayaw_suspiria,
          nicolae_vehumet_radiance, minmay_stone_trees_medium, st_stairs_3
D:4:      layout_basic, tso_metal_star
D:5:      layout_rooms, overflow_temple_1_default, temple_green,
          serial_corexii_hall, corexii_hall_statues_x,
          chequers_hall_statues_wall_a, corexii_hall_statues_s,
          corexii_hall_statues_t, nicolae_shop_i_like_big_books,
          grunt_ministairs_1
D:6:      layout_basic, serial_corexii_hall, chequers_hall_statues_wall_a,
          corexii_hall_statues_x, serial_shops, shop, shop, shop, shop,
          nicolae_shop_crystal, minmay_chambers_of_fives, uniq_blork_the_orc,
          uniq_crazy_yiuf_cottage, uniq_duvessa
Temple:   minmay_temple_curvy_loop

Skill      XL: |  1  2  3  4  5  6  7 |
---------------+----------------------+-----
Armour         | 1 2 |  2.0
Ranged Weapons | 5 6 7 8 |  8.0
Fighting       | 3 4 5 |  5.5
Dodging        | |  1.5
Stealth        | |  1.1

Action                     |  1- 3 |  4- 6 |  7- 9 || total
---------------------------+-------+-------+-------++-------
   Fire: Shortbow          |   126 |   132 |    69 ||   327
    Use: Scroll            |     8 |     3 |     4 ||    15
         Potion            |     2 |     2 |     2 ||     6
 Armour: Leather armour    |     4 |       |       ||     4
         Ring mail         |    23 |    37 |    15 ||    75
  Dodge: Dodged            |    33 |    35 |    14 ||    82

Table legend:
 A = Non-vault XP
 B = Vault XP
 C = Vault XP percentage of total XP
 D = Non-vault monster count
 E = Vault monster count
 F = Vault count percentage of total count
                 A         B        C        D         E       F
            +---------+---------+-------+---------+---------+-------
      Total |     896 |     257 |  22.3 |      89 |       9 |   9.2
            +---------+---------+-------+---------+---------+-------
        D:1 |      35 |       0 |   0.0 |      21 |       0 |   0.0
        D:2 |      46 |       0 |   0.0 |      20 |       0 |   0.0
        D:3 |      58 |       5 |   7.9 |      18 |       3 |  14.3
        D:4 |     192 |      28 |  12.7 |      19 |       2 |   9.5
        D:5 |     422 |      58 |  12.1 |       8 |       2 |  20.0
        D:6 |     143 |     166 |  53.7 |       3 |       2 |  40.0
            +---------+---------+-------+---------+---------+-------
